 Dungeon Crawl Stone Soup version 0.23-a0-395-gcf17ac6c65 (webtiles) character file.

127893 Azzok the Martial Artist (level 17, 0/131 HPs)
             Began as a Gnoll Transmuter on Nov 1, 2018.
             Was the Champion of Cheibriados.
             Slain by a shock serpent (3 damage)
             ... on level 3 of the Snake Pit.
             The game lasted 01:08:04 (30770 turns).

Azzok the Martial Artist (Gnoll Transmuter)        Turns: 30770, Time: 01:08:04

Health: 0/131      AC: 22    Str: 23    XL:     17   Next: 2%
Magic:  23/33      EV: 20    Int: 44    God:    Cheibriados [******]
Gold:   1012       SH:  0    Dex: 34    Spells: 23/40 levels left

rFire    + + +     SeeInvis .     - Unarmed
rCold    + . .     Gourm    .   (shield currently unavailable)
rNeg     . . .     Faith    .   H - +6 chain mail of the Fifty Stars {rCorr}
rPois    +         Spirit   .   R - +1 helmet
rElec    +         Reflect  .   D - scarf {repulsion}
rCorr    +         Harm     .   (gloves currently unavailable)
MR       +....                  p - +0 pair of boots
Stlth    +++.......             T - amulet of regeneration
HPRegen  1.71/turn              Q - +3 ring of slaying
MPRegen  0.23/turn              x - ring "Atreb" {rCorr rF+++ Str-4 Int+6 Dex+3}

@: lethally poisoned (0 -> 0), blade hands (expiring), resistant, regenerating,
repel missiles, very slow
A: distributed training, fangs 1, strong nose
a: End Transformation, Bend Time, Temporal Distortion, Slouch, Step From Time,
Renounce Religion


You were on level 3 of the Snake Pit.
You worshipped Cheibriados.
Cheibriados was exalted by your worship.
You were very hungry.
You had blades for hands.
You visited 5 branches of the dungeon, and saw 27 of its levels.
You visited 1 bazaar.
You also visited: Ossuary and Ice Cave.

You collected 3713 gold pieces.
You spent 2701 gold pieces at shops.

Inventory:

Missiles
 a - 731 arrows
Armour
 h - a +0 pair of gloves (melded)
 m - a +0 buckler (melded)
 p - a +0 pair of boots (worn)
 D - a scarf of repulsion (worn)
 H - the +6 chain mail of the Fifty Stars (worn) {rCorr}
   (You found it on level 8 of the Dungeon)

   It provides partial protection from all sources of acid and corrosion.
 I - a +0 troll leather armour
 R - a +1 helmet (worn)
Jewellery
 e - a +3 ring of intelligence
 r - an uncursed ring of protection from cold
 s - an uncursed ring of protection from magic
 x - the ring "Atreb" (right scythe-like blade) {rCorr rF+++ Str-4 Int+6 Dex+3}
   (You found it on level 5 of the Dungeon)

   [ring of resist corrosion]

   It affects your strength (-4).
   It affects your intelligence (+6).
   It affects your dexterity (+3).
   It renders you almost immune to fire.
 N - an uncursed ring of protection from cold
 Q - a +3 ring of slaying (left scythe-like blade)
 S - an uncursed ring of protection from magic
 T - an amulet of regeneration (around neck)
 U - an uncursed ring of poison resistance
Wands
 b - a wand of digging (16)
 q - a wand of paralysis (21)
 y - a wand of acid (17)
 C - a wand of scattershot (3)
 M - a wand of disintegration (19)
Scrolls
 i - 8 scrolls of remove curse
 k - 2 scrolls of fear {unknown}
 n - 4 scrolls of enchant armour
 o - 5 scrolls of fog
 v - 9 scrolls of teleportation
 z - a scroll of immolation {unknown}
 A - 2 scrolls of amnesia
 E - 3 scrolls of blinking
 J - a scroll of torment {unknown}
 P - a scroll of acquirement {unknown}
Potions
 c - 2 potions of haste
 f - a potion of invisibility {unknown}
 g - 14 potions of heal wounds
 j - 3 potions of magic
 l - 6 potions of curing
 t - 4 potions of brilliance
 w - 2 potions of might
 B - a potion of agility {unknown}
 F - a potion of ambrosia {unknown}
 G - a potion of resistance
 K - 2 potions of mutation {!q}
 O - 2 potions of lignification {unknown}
Miscellaneous
 u - a lamp of fire (inert)
Comestibles
 d - 47 rations


   Skills:
 + Level 11.3 Fighting
 + Level 11.0 Short Blades
 + Level 11.0 Long Blades
 + Level 11.0 Axes
 + Level 11.0 Maces & Flails
 + Level 11.0 Polearms
 + Level 11.0 Staves
 + Level 11.0 Slings
 + Level 11.0 Bows
 + Level 11.0 Crossbows
 + Level 11.0 Throwing
 + Level 11.0 Armour
 + Level 11.8 Dodging
 + Level 11.0 Stealth
 + Level 11.0 Shields
 + Level 12.5 Unarmed Combat
 + Level 12.0 Spellcasting
 + Level 9.4 Conjurations
 + Level 9.4 Hexes
 + Level 9.4 Charms
 + Level 9.4 Summonings
 + Level 9.4 Necromancy
 + Level 9.4 Translocations
 + Level 10.1 Transmutations
 + Level 9.4 Fire Magic
 + Level 9.4 Ice Magic
 + Level 9.4 Air Magic
 + Level 9.4 Earth Magic
 + Level 9.4 Poison Magic
 + Level 11.9 Invocations
 + Level 11.0 Evocations


You had 23 spell levels left.
You knew the following spells:

 Your Spells              Type           Power        Failure   Level  Hunger
a - Blade Hands           Tmut           #######...   24%         5    None
b - Regeneration          Chrm/Necr      #######...   11%         3    None
c - Dragon Form           Tmut           #######...   91%         7    ####...
g - Sticks to Snakes      Tmut           #######.     8%          2    None

Your spell library contained the following spells:

 Spells                   Type           Power        Failure   Level  Hunger
 Beastly Appendage        Tmut           ######       7%          1    None
 Animate Skeleton         Necr           N/A          8%          1    None
 Corona                   Hex            #######      8%          1    None
 Flame Tongue             Conj/Fire      #####        8%          1    None
 Magic Dart               Conj           ####         8%          1    None
 Pain                     Necr           ####         8%          1    None
 Sting                    Conj/Pois      ####         8%          1    None
 Blink                    Tloc           N/A          9%          2    None
 Call Imp                 Summ           #######.     9%          2    None
 Poisonous Vapours        Pois/Air       ######       9%          2    None
 Searing Ray              Conj           ######       9%          2    None
 Slow                     Hex            #######.     9%          2    None
 Throw Flame              Conj/Fire      ######       9%          2    None
 Spider Form              Tmut/Pois      #######...   10%         3    None
 Conjure Flame            Conj/Fire      #######.     11%         3    None
 Dazzling Spray           Conj/Hex       ######       11%         3    None
 Inner Flame              Hex/Fire       #######.     11%         3    None
 Mephitic Cloud           Conj/Pois/Air  #######.     11%         3    None
 Portal Projectile        Hex/Tloc       ######       11%         3    None
 Vampiric Draining        Necr           #######...   11%         3    None
 Ice Form                 Ice/Tmut       #######.     16%         4    None
 Animate Dead             Necr           N/A          17%         4    None
 Cause Fear               Hex            #######...   17%         4    None
 Force Lance              Conj/Tloc      #######.     17%         4    None
 Fulminant Prism          Conj/Hex       #######...   17%         4    None
 Iskenderun's Mystic Bla  Conj           #######.     17%         4    None
 Leda's Liquefaction      Hex/Erth       #######...   17%         4    None
 Olgreb's Toxic Radiance  Pois           #######.     17%         4    None
 Sticky Flame             Conj/Fire      #######.     17%         4    None
 Fireball                 Conj/Fire      #######...   26%         5    None
 Venom Bolt               Conj/Pois      #######...   26%         5    None
 Bolt of Fire             Conj/Fire      #######...   61%         6    ##.....
 Haunt                    Necr/Summ      #######...   96%         7    ####...
 Borgnjor's Revivificati  Necr           #######...   100%        8    ######.
 Death's Door             Chrm/Necr      #######...   100%        8    ######.
 Infestation              Necr           #######...   100%        8    ######.
 Necromutation            Tmut/Necr      #######...   100%        8    ######.
 Dragon's Call            Summ           #######...   100%        9    #######


Dungeon Overview and Level Annotations

Branches:
Dungeon (15/15)            Temple (1/1) D:6            Lair (6/6) D:9
 Shoals (0/4) Lair:2        Snake (3/4) Lair:2        Slime (0/5) Lair:6
    Orc (2/2) D:12            Elf (0/3) Orc:2        Vaults (0/5) D:13
 Depths (0/5) D:15

Altars:
Ashenzari
Cheibriados
Dithmenos
Elyvilon
Gozag
Hepliaklqana
Kikubaaqudgha
Makhleb
Nemelex Xobeh
Ru
Sif Muna
Trog
Uskayaw
Vehumet
Wu Jian
Xom
Yredelemnul
Zin
The Shining One

Shops:
D:6 [   D:10 !   D:13 ([   D:15 !   Orc:1 *   Orc:2 ([!(

Annotations:
D:5 exclusion: statue
D:12 exclusion: orange crystal statue


Innate Abilities, Weirdness & Mutations

Your experience applies equally to all skills.
You have very sharp teeth.
Your uncanny sense of smell can sniff out nearby items.


Message History

* * * LOW HITPOINT WARNING * * *
You can feel time thicken for a moment.
You kill the naga warrior!
Cheibriados appreciates the change of pace.
You kill the naga!
Cheibriados thoroughly appreciates the change of pace.
You are feeling very hungry.
The shock serpent's electric aura discharges violently, shocking you!
You resist.
* * * LOW HITPOINT WARNING * * *
You feel sick.
The shock serpent bites you but does no damage.
The naga sharpshooter gestures wildly while chanting.
The naga sharpshooter magically shoots a bolt.
The bolt hits you!
* * * LOW HITPOINT WARNING * * *
The shock serpent bites you.
* * * LOW HITPOINT WARNING * * *
The shock serpent shocks you. You resist.
You die...

▒▒▒ ▒▒▒· ▒▒··▒▒▒
▒▒▒··· ····[·▒
▒·····▒▒▒ ······▒
▒······· ··[··▒
▒··}···▒▒·····▒
▒▒▒····N)····▒·▒▒
····N··NN@·······
·····N··S)······▒
··N····)N▒▒▒▒·▒··
········▒▒ ·▒
!········
······▒▒▒· ▒▒▒···
▒· ▒▒·▒ ·▒ ·· ▒ ∆


You could see 2 naga warriors, a naga sharpshooter, a shock serpent, a naga mage
and 3 nagas.

Vanquished Creatures
  Donald (Orc:2)
  Kirke (Snake:2)
  2 nagarajas (Snake:2)
  A frost giant (IceCv)
  Azrael (Snake:1)
  Josephine (D:13)
  A fire dragon (D:15)
  2 ogre magi (Orc:2)
  Fannar (D:11)
  An ice dragon (Lair:6)
  4 vault guards (D:13)
  5 naga warriors
  2 hydras
  8 two-headed ogres
  4 anacondas
  10 death yaks
  5 centaur warriors
  3 shock serpents
  8 naga sharpshooters
  Sonja (Lair:1)
  5 skeletal warriors (D:15)
  2 deep trolls
  2 naga ritualists
  4 wizards
  2 orc knights
  2 unseen horrors
  2 necromancers
  A deep elf archer (D:13)
  2 wolf spider zombies (D:13)
  2 lindwurms (Lair:6)
  2 manticores
  3 orc sorcerers
  A mana viper (Snake:2)
  6 cyclopes
  10 ugly things
  3 salamanders
  A deep elf mage (D:14)
  18 black mambas
  Joseph (Lair:1)
  A guardian serpent (Snake:2)
  An eye of devastation (Lair:6)
  11 centaur skeletons
  An ice statue (IceCv)
  6 spiny frogs
  8 naga magi
  3 gargoyles
  6 torpor snails
  2 rime drakes
  8 komodo dragons
  4 tyrant leeches (Lair:6)
  3 meliai (D:14)
  14 polar bears
  18 trolls
  10 hornets
  A wind drake (shapeshifter) (D:14)
  3 blink frogs (Lair:6)
  5 hippogriffs
  4 flying skulls (D:13)
  3 wraiths
  5 shadows (D:13)
  4 wyverns
  2 basilisks
  4 fire elementals (Snake:1)
  30 yaks
  A human (D:13)
  A hungry ghost (D:7)
  4 wargs (Orc:1)
  Menkaure (D:4)
  A harpy simulacrum (D:15)
  An acid dragon (D:14)
  3 hell hounds (Snake:1)
  2 soldier ants
  18 nagas
  7 water moccasins
  18 porcupines
  2 black bears
  8 ice beasts (D:15)
  4 sky beasts
  17 orc warriors
  3 phantoms
  2 eyes of draining
  2 necrophages
  42 wolves
  23 ogres
  17 centaurs
  12 crocodiles
  Blork the orc (D:4)
  2 big kobolds
  13 bullfrogs
  2 wyvern zombies (D:13)
  5 wyvern skeletons
  4 scorpions
  3 water moccasin zombies (Ossuary)
  7 killer bees
  8 howler monkeys
  12 wights
  2 bullfrog zombies
  7 crimson imps
  A quasit (D:8)
  9 centaur zombies
  2 jellies
  14 orc priests
  2 bullfrog skeletons
  7 hounds
  21 orc wizards
  4 iguanas
  Ijyb (D:3)
  15 worker ants
  A big kobold zombie (Ossuary)
  2 hound zombies
  2 mummies (Ossuary)
  3 worker ant zombies
  3 gnolls (D:6)
  9 adders
  2 shadow imps (D:11)
  An ooze (D:2)
  An adder skeleton (D:8)
  2 adder zombies (Ossuary)
  3 worms
  2 dart slugs
  7 leopard geckos
  89 orcs
  2 giant cockroaches
  4 gnoll zombies (Ossuary)
  3 goblins (D:1)
  9 hobgoblins
  4 jackals (D:1)
  13 kobolds
  5 quokkas
  3 ball pythons
  10 bats
  5 frilled lizards
  4 hobgoblin zombies (Ossuary)
  3 kobold zombies (Ossuary)
  A leopard gecko skeleton (D:8)
  10 orc zombies (Ossuary)
  3 rats
825 creatures vanquished.

Vanquished Creatures (others)
  3 polar bears (IceCv)
  3 yaks (IceCv)
  A human (Snake:2)
  An orc (Orc:2)
  3 bushes (D:9)
  8 fungi
  32 plants
51 creatures vanquished.

Grand Total: 876 creatures vanquished

Notes
Turn   | Place    | Note
-------+----------+-------------------------------------------
     0 | D:1      | Azzok the Gnoll Transmuter began the quest for the Orb.
     0 | D:1      | Reached XP level 1. HP: 17/17 MP: 6/6
    60 | D:1      | Reached XP level 2. HP: 10/23 MP: 5/7
   276 | D:1      | Learned a level 2 spell: Sticks to Snakes
   542 | D:1      | Reached XP level 3. HP: 26/28 MP: 9/9
   547 | D:1      | Learned a level 3 spell: Spider Form
   644 | D:1      | Reached skill level 5 in Spellcasting
  1107 | D:2      | Reached skill level 1 in Invocations
  1179 | D:2      | Noticed an ogre
  1185 | D:2      | Killed an ogre
  1185 | D:2      | Reached skill level 1 in Short Blades
  1185 | D:2      | Reached skill level 1 in Long Blades
  1185 | D:2      | Reached skill level 1 in Axes
  1185 | D:2      | Reached skill level 1 in Maces & Flails
  1185 | D:2      | Reached skill level 1 in Polearms
  1185 | D:2      | Reached skill level 1 in Staves
  1185 | D:2      | Reached skill level 1 in Slings
  1185 | D:2      | Reached skill level 1 in Bows
  1185 | D:2      | Reached skill level 1 in Crossbows
  1185 | D:2      | Reached skill level 1 in Throwing
  1185 | D:2      | Reached skill level 1 in Armour
  1185 | D:2      | Reached skill level 1 in Stealth
  1185 | D:2      | Reached skill level 1 in Shields
  1185 | D:2      | Reached skill level 1 in Conjurations
  1185 | D:2      | Reached skill level 1 in Hexes
  1185 | D:2      | Reached skill level 1 in Charms
  1185 | D:2      | Reached skill level 1 in Summonings
  1185 | D:2      | Reached skill level 1 in Necromancy
  1185 | D:2      | Reached skill level 1 in Translocations
  1185 | D:2      | Reached skill level 1 in Fire Magic
  1185 | D:2      | Reached skill level 1 in Ice Magic
  1185 | D:2      | Reached skill level 1 in Air Magic
  1185 | D:2      | Reached skill level 1 in Earth Magic
  1185 | D:2      | Reached skill level 1 in Poison Magic
  1185 | D:2      | Reached skill level 1 in Evocations
  1185 | D:2      | Reached XP level 4. HP: 11/34 MP: 7/11
  1185 | D:2      | Reached XP level 5. HP: 13/40 MP: 7/12
  2175 | D:3      | Learned a level 4 spell: Ice Form
  2324 | D:3      | Noticed Ijyb
  2333 | D:3      | Killed Ijyb
  2480 | D:3      | Reached XP level 6. HP: 47/47 MP: 13/13
  2746 | D:4      | Reached skill level 5 in Dodging
  3099 | D:4      | Noticed Menkaure
  3126 | D:4      | Killed Menkaure
  3126 | D:4      | Reached XP level 7. HP: 30/52 MP: 12/15
  3334 | D:4      | Found an ancient bone altar of Kikubaaqudgha.
  3334 | D:4      | Found a sacrificial altar of Ru.
  3336 | D:4      | Found a shattered altar of Ashenzari.
  4110 | D:4      | Noticed Blork the orc
  4122 | D:4      | Killed Blork the orc
  4752 | D:4      | Found a deep blue altar of Sif Muna.
  4765 | D:5      | Entered Level 5 of the Dungeon
  4820 | D:5      | Got a warped amber ring
  4869 | D:5      | Identified the ring "Atreb" {rCorr rF+++ Str-4 Int+6 Dex+3}
                  | (You found it on level 5 of the Dungeon)
  5024 | D:5      | Found a radiant altar of Vehumet.
  5115 | D:5      | Reached XP level 8. HP: 58/60 MP: 11/16
  6223 | D:6      | Learned a level 3 spell: Regeneration
  6336 | D:6      | Found a shimmering altar of Xom.
  6362 | D:6      | Found Qerphec's Antique Armour Boutique.
  6504 | D:6      | Found a staircase to the Ecumenical Temple.
  6517 | Temple   | Entered the Ecumenical Temple
  6667 | Temple   | Became a worshipper of Cheibriados the Contemplative
  6850 | D:6      | Found a hazy altar of Hepliaklqana.
  6852 | D:6      | Found a hide-covered altar of Uskayaw.
  7104 | D:6      | Learned a level 5 spell: Blade Hands
  7192 | D:6      | Reached XP level 9. HP: 66/66 MP: 10/18
  7200 | D:6      | Reached skill level 5 in Transmutations
  7433 | D:7      | Reached * piety under Cheibriados
  7495 | D:7      | Found a sparkling altar of Nemelex Xobeh.
  7743 | D:7      | Found a sand-covered staircase.
  7748 | Ossuary  | Entered an ossuary
  7803 | Ossuary  | Reached skill level 5 in Fighting
  7910 | Ossuary  | Reached ** piety under Cheibriados
  8262 | D:7      | Found a shimmering altar of Xom.
  8687 | D:8      | Reached skill level 5 in Invocations
  8838 | D:8      | Got a brightly glowing chain mail
  9202 | D:8      | Got a bone flail
  9298 | D:8      | Reached XP level 10. HP: 74/74 MP: 20/20
  9897 | D:9      | Reached *** piety under Cheibriados
  9897 | D:9      | Reached skill level 5 in Short Blades
  9897 | D:9      | Reached skill level 5 in Long Blades
  9897 | D:9      | Reached skill level 5 in Axes
  9897 | D:9      | Reached skill level 5 in Maces & Flails
  9897 | D:9      | Reached skill level 5 in Polearms
  9897 | D:9      | Reached skill level 5 in Staves
  9897 | D:9      | Reached skill level 5 in Slings
  9897 | D:9      | Reached skill level 5 in Bows
  9897 | D:9      | Reached skill level 5 in Crossbows
  9897 | D:9      | Reached skill level 5 in Throwing
  9897 | D:9      | Reached skill level 5 in Armour
  9897 | D:9      | Reached skill level 5 in Stealth
  9897 | D:9      | Reached skill level 5 in Shields
  9897 | D:9      | Reached skill level 5 in Evocations
 10448 | D:9      | Found a staircase to the Lair.
 10794 | D:9      | Reached **** piety under Cheibriados
 11161 | D:9      | Identified the +6 chain mail of the Fifty Stars {rCorr}
                  | (You found it on level 8 of the Dungeon)
 11224 | D:10     | Entered Level 10 of the Dungeon
 11224 | D:10     | Found Cugy's Distillery.
 11442 | D:10     | Reached XP level 11. HP: 82/82 MP: 19/22
 12054 | Lair:1   | Entered Level 1 of the Lair of Beasts
 12054 | Lair:1   | Found a sparkling altar of Nemelex Xobeh.
 12065 | Lair:1   | Reached ***** piety under Cheibriados
 12071 | Lair:1   | Reached skill level 5 in Conjurations
 12071 | Lair:1   | Reached skill level 5 in Hexes
 12071 | Lair:1   | Reached skill level 5 in Charms
 12071 | Lair:1   | Reached skill level 5 in Summonings
 12071 | Lair:1   | Reached skill level 5 in Necromancy
 12071 | Lair:1   | Reached skill level 5 in Translocations
 12071 | Lair:1   | Reached skill level 5 in Fire Magic
 12071 | Lair:1   | Reached skill level 5 in Ice Magic
 12071 | Lair:1   | Reached skill level 5 in Air Magic
 12071 | Lair:1   | Reached skill level 5 in Earth Magic
 12071 | Lair:1   | Reached skill level 5 in Poison Magic
 12720 | Lair:1   | Noticed Joseph
 12720 | Lair:1   | Noticed Sonja
 12722 | Lair:1   | Killed Sonja
 12731 | Lair:1   | Killed Joseph
 13394 | Lair:2   | Reached XP level 12. HP: 89/91 MP: 24/24
 13718 | Lair:2   | Found a staircase to the Shoals.
 14256 | Lair:2   | Found a staircase to the Snake Pit.
 15512 | Lair:3   | You fall through a shaft for 3 floors!
 15512 | Lair:6   | Entered Level 6 of the Lair of Beasts
 15512 | Lair:6   | Noticed a death yak
 15512 | Lair:6   | Noticed a death yak
 15513 | Lair:6   | Noticed a death yak
 15514 | Lair:6   | Noticed a death yak
 17782 | Lair:5   | Reached ****** piety under Cheibriados
 18036 | Lair:6   | Noticed a death yak
 18048 | Lair:5   | Killed a death yak
 18121 | Lair:6   | Reached skill level 10 in Unarmed Combat
 18219 | Lair:6   | Found a staircase to the Slime Pits.
 18573 | Lair:6   | Noticed a death yak
 18573 | Lair:6   | Noticed a death yak
 18573 | Lair:6   | Noticed a death yak
 18584 | Lair:6   | Killed a death yak
 18584 | Lair:6   | Reached XP level 13. HP: 66/98 MP: 17/26
 19425 | Lair:6   | Found a runed door.
 19440 | Lair:6   | Noticed an ice dragon
 19452 | Lair:6   | Killed an ice dragon
 19645 | Lair:6   | Paralysed by a hornet for 2 turns
 20154 | D:11     | Noticed Fannar
 20161 | D:11     | Killed Fannar
 21509 | D:12     | Found a staircase to the Orcish Mines.
 21889 | Orc:1    | Entered Level 1 of the Orcish Mines
 22016 | Orc:1    | Reached skill level 10 in Spellcasting
 22156 | Orc:2    | Entered Level 2 of the Orcish Mines
 22156 | Orc:2    | Found Rim Uvurr's Distillery.
 22156 | Orc:2    | Found Onum's Antique Weapon Shop.
 22156 | Orc:2    | Noticed an ogre mage
 22168 | Orc:1    | Reached XP level 14. HP: 85/108 MP: 21/28
 22227 | Orc:2    | Reached skill level 10 in Dodging
 22415 | Orc:2    | Found Yggass's Weapon Shoppe.
 22514 | Orc:2    | Found Vuiceel's Antique Armour Boutique.
 22523 | Orc:2    | Found a staircase to the Elven Halls.
 22754 | Orc:2    | Noticed Donald
 22765 | Orc:2    | Killed Donald
 22765 | Orc:2    | Reached skill level 10 in Invocations
 22952 | Orc:1    | Paralysed by an orc sorcerer for 4 turns
 23119 | Orc:1    | Found Bilegawn's Assorted Antiques.
 23651 | D:13     | Found Ruutt's Antique Weapon Shop.
 23673 | D:13     | Found a flickering gateway to a bazaar.
 23682 | Bazaar   | Entered a bazaar
 23682 | Bazaar   | Found Ledustruc's Antique Armour Shoppe.
 23682 | Bazaar   | Found Vunemaqe's Jewellery Shoppe.
 23682 | Bazaar   | Found Mudix's Book Emporium.
 23710 | Bazaar   | Bought a book of the Dragon for 1080 gold pieces
 23730 | Bazaar   | Bought a Necronomicon for 1324 gold pieces
 23736 | Bazaar   | Bought a cursed amulet of inaccuracy for 22 gold pieces
 24057 | D:13     | Found a shattered altar of Ashenzari.
 24231 | D:13     | Noticed Josephine
 24249 | D:13     | Killed Josephine
 24249 | D:13     | Reached XP level 15. HP: 88/115 MP: 25/29
 24277 | D:13     | Reached skill level 10 in Fighting
 24442 | D:13     | Got a scintillating jade amulet
 24443 | D:13     | Identified the amulet "Xycuofey" {Inacc rC+} (You found it
                  | on level 13 of the Dungeon)
 24781 | D:13     | Found Ytedium's Antique Armour Shoppe.
 24827 | D:13     | Bought a pitted cloak for 275 gold pieces
 24827 | D:13     | Identified the +2 cloak of Calculation {MP+9 Int-4 Dex+4
                  | Stlth+} (You bought it in a shop on level 13 of the
                  | Dungeon)
 25107 | D:13     | Found a gate to the Vaults.
 25995 | D:14     | Reached skill level 10 in Short Blades
 25995 | D:14     | Reached skill level 10 in Long Blades
 25995 | D:14     | Reached skill level 10 in Axes
 25995 | D:14     | Reached skill level 10 in Maces & Flails
 25995 | D:14     | Reached skill level 10 in Polearms
 25995 | D:14     | Reached skill level 10 in Staves
 25995 | D:14     | Reached skill level 10 in Slings
 25995 | D:14     | Reached skill level 10 in Bows
 25995 | D:14     | Reached skill level 10 in Crossbows
 25995 | D:14     | Reached skill level 10 in Throwing
 25995 | D:14     | Reached skill level 10 in Armour
 25995 | D:14     | Reached skill level 10 in Stealth
 25995 | D:14     | Reached skill level 10 in Shields
 25995 | D:14     | Reached skill level 10 in Evocations
 26346 | D:14     | Learned a level 7 spell: Dragon Form
 26376 | D:15     | Entered Level 15 of the Dungeon
 26491 | D:15     | Found a frozen archway.
 26514 | IceCv    | Entered an ice cave
 26520 | IceCv    | Learned a level 4 spell: Ice Form
 27046 | IceCv    | Noticed a frost giant
 27068 | IceCv    | Killed a frost giant
 27819 | D:15     | Reached XP level 16. HP: 104/124 MP: 22/31
 27868 | D:15     | Found Buikk's Distillery.
 28116 | D:15     | Found a staircase to the Depths.
 28632 | Snake:1  | Entered Level 1 of the Snake Pit
 28859 | Snake:1  | Noticed Azrael
 28875 | Snake:1  | Killed Azrael
 29367 | Snake:2  | Noticed a nagaraja
 29375 | Snake:2  | Killed a nagaraja
 29573 | Snake:2  | Noticed a nagaraja
 29590 | Snake:2  | Killed a nagaraja
 29598 | Snake:2  | Reached skill level 10 in Transmutations
 29915 | Snake:2  | Noticed Kirke
 29934 | Snake:2  | Killed Kirke
 30761 | Snake:3  | Reached XP level 17. HP: 99/131 MP: 26/33
 30770 | Snake:3  | HP: 4/131 [naga sharpshooter/bolt (10)]
 30770 | Snake:3  | Slain by a shock serpent

Vault maps used:
D:1:      dpeg_arrival_tiny_a
D:3:      st_stairs_11, hangedman_feature_mirror, dk_noncrumbling_4,
          minmay_checkerbox, uniq_ijyb
D:4:      gammafunk_temple_overflow_claw, lemuel_coloured_pillars_altar,
          minmay_crystal_room, uniq_menkaure, uniq_blork_the_orc
D:5:      vehumet_statue, serial_curves, eino_curves_02, eino_curves_03,
          eino_curves_04, eino_curves_01, first_ration, chequers_garden
D:6:      nicolae_overflow_hidden_temple, temple_doors_e, serial_shops,
          nicolae_shop_crystal, basic_altar
D:7:      nemelex_xobeh_ov_fountains_minmay, enter_ossuary_5, basic_altar,
          nicolae_underground_beach
D:8:      kennysheep_small_spiral
D:9:      minmay_lair_entry_grove
D:10:     serial_shops, nicolae_shop_waterfront
D:11:     serial_curves, eino_curves_01, eino_curves_01, eino_curves_03,
          blue_anna_alchemist, uniq_fannar
D:12:     orc_0_dummy, minivault_16, grunt_ministairs_8
D:13:     hangedman_screamer, grunt_vaults_entry_fortified, serial_shops,
          bzr_firewalk, shop, shop, evilmike_ruin_ashenzari
D:15:     grunt_enter_depths_magical_seal, chequers_mini_garden,
          portal_ice_cave_entry_ice_beasts, serial_shops, shop_coins,
          minmay_unpleasant_kobolds
Temple:   minmay_temple_curvy_branch
Lair:1:   basic_altar, nicolae_quartered_pool_little,
          grunt_forest_large_clearings, grunt_megastairs_1, uniq_joseph,
          uniq_sonja
Lair:2:   elwin_shoals_entry_rocks, minmay_snake_entry_guardpost_small,
          beast_lair_carwin_10, grunt_megastairs_3, lemuel_fruit_tree
Lair:3:   minivault_25, chequers_serial_rivers_large_a
Lair:5:   grunt_megastairs_4
Lair:6:   wormcave, minmay_slime_entry_eyes
Snake:1:  uniq_azrael, uniq_josephine
Snake:2:  uniq_kirke
Snake:3:  serial_shops, shop, nrook_loot_triangle
Orc:1:    minmay_goldmine, serial_shops, shop
Orc:2:    st_orc_open, uniq_donald
Bazaar:   bazaar_minmay_row
Ossuary:  ossuary_tomb_2
IceCv:    ice_cave_caverns_03

Skill      XL: |  1  2  3  4  5  6  7  8  9 10 11 12 13 14 15 16 |
---------------+-------------------------------------------------+-----
Spellcasting   | 5 6 7 8 9 10 11 12 | 12.0
Invocations    | 1 2 3 4 5 6 7 8 9 10 11 | 11.9
Short Blades   | 1 2 3 4 5 6 7 8 9 10 11 | 11.0
Long Blades    | 1 2 3 4 5 6 7 8 9 10 11 | 11.0
Axes           | 1 2 3 4 5 6 7 8 9 10 11 | 11.0
Maces & Flails | 1 2 3 4 5 6 7 8 9 10 11 | 11.0
Polearms       | 1 2 3 4 5 6 7 8 9 10 11 | 11.0
Staves         | 1 2 3 4 5 6 7 8 9 10 11 | 11.0
Slings         | 1 2 3 4 5 6 7 8 9 10 11 | 11.0
Bows           | 1 2 3 4 5 6 7 8 9 10 11 | 11.0
Crossbows      | 1 2 3 4 5 6 7 8 9 10 11 | 11.0
Throwing       | 1 2 3 4 5 6 7 8 9 10 11 | 11.0
Armour         | 1 2 3 4 5 6 7 8 9 10 11 | 11.0
Stealth        | 1 2 3 4 5 6 7 8 9 10 11 | 11.0
Shields        | 1 2 3 4 5 6 7 8 9 10 11 | 11.0
Conjurations   | 1 2 3 4 5 6 7 8 9 |  9.4
Hexes          | 1 2 3 4 5 6 7 8 9 |  9.4
Charms         | 1 2 3 4 5 6 7 8 9 |  9.4
Summonings     | 1 2 3 4 5 6 7 8 9 |  9.4
Necromancy     | 1 2 3 4 5 6 7 8 9 |  9.4
Translocations | 1 2 3 4 5 6 7 8 9 |  9.4
Fire Magic     | 1 2 3 4 5 6 7 8 9 |  9.4
Ice Magic      | 1 2 3 4 5 6 7 8 9 |  9.4
Air Magic      | 1 2 3 4 5 6 7 8 9 |  9.4
Earth Magic    | 1 2 3 4 5 6 7 8 9 |  9.4
Poison Magic   | 1 2 3 4 5 6 7 8 9 |  9.4
Evocations     | 1 2 3 4 5 6 7 8 9 10 11 | 11.0
Fighting       | 3 4 5 6 7 8 9 10 11 | 11.3
Transmutations | 4 5 6 7 8 9 10 | 10.1
Dodging        | 5 6 7 8 9 10 11 | 11.8
Unarmed Combat | 7 8 9 10 11 12 | 12.5

Action                   |  1- 3 |  4- 6 |  7- 9 | 10-12 | 13-15 | 16-18 || total
-------------------------+-------+-------+-------+-------+-------+-------++-------
Melee: Unarmed           |    72 |   101 |   335 |   463 |   806 |   291 ||  2068
       Headbutt          |     1 |       |       |       |       |       ||     1
       Bite              |     5 |     3 |     7 |    36 |   140 |    43 ||   234
       Kick              |     1 |       |       |       |       |       ||     1
       Punch             |       |     1 |     3 |    14 |    51 |    22 ||    91
 Cast: Beastly Appendage |     2 |       |       |       |       |       ||     2
       Spider Form       |     2 |    11 |    10 |       |       |       ||    23
       Ice Form          |       |       |    27 |    35 |     2 |       ||    64
       Regeneration      |       |       |    11 |    38 |    66 |    23 ||   138
       Blade Hands       |       |       |       |    28 |    89 |    25 ||   142
Invok: Slouch            |       |       |       |     2 |     4 |     3 ||     9
       Step From Time    |       |       |       |       |     3 |       ||     3
Evoke: Wand              |       |       |     1 |       |     2 |     1 ||     4
       Lamp of fire      |       |       |       |       |       |     1 ||     1
  Use: Scroll            |       |       |    14 |     2 |    14 |     1 ||    31
       Potion            |       |       |     1 |       |       |     1 ||     2
 Stab: Sleeping          |     2 |     4 |    11 |     7 |     4 |       ||    28
       Distracted        |       |       |     2 |       |     1 |     1 ||     4
  Eat: Chunk             |     1 |     5 |    30 |    13 |    16 |     2 ||    67
       Ration            |       |       |     1 |       |       |     1 ||     2
Armor: Robe              |    16 |     3 |     6 |       |       |       ||    25
       Skin              |       |     2 |    43 |    51 |     3 |       ||    99
       Troll leather arm |       |       |       |     5 |       |       ||     5
       Chain mail        |       |       |       |    66 |   377 |    92 ||   535
Dodge: Dodged            |    60 |    75 |   168 |   425 |   873 |   251 ||  1852
       Deflected         |       |       |       |       |    40 |    39 ||    79
Block: Buckler           |       |       |       |       |    21 |     4 ||    25

Table legend:
 A = Non-vault XP
 B = Vault XP
 C = Vault XP percentage of total XP
 D = Non-vault monster count
 E = Vault monster count
 F = Vault count percentage of total count
                 A         B        C        D         E       F
            +---------+---------+-------+---------+---------+-------
      Total |  105045 |   77660 |  42.5 |     530 |     295 |  35.8
            +---------+---------+-------+---------+---------+-------
        D:1 |      45 |       0 |   0.0 |      25 |       0 |   0.0
        D:2 |     173 |       0 |   0.0 |      18 |       0 |   0.0
        D:3 |      36 |     101 |  73.7 |      15 |       8 |  34.8
        D:4 |     334 |     268 |  44.5 |      18 |       2 |  10.0
        D:5 |     440 |       0 |   0.0 |      18 |       0 |   0.0
        D:6 |    1228 |       0 |   0.0 |      29 |       0 |   0.0
        D:7 |    1037 |       0 |   0.0 |      18 |       0 |   0.0
        D:8 |     918 |     754 |  45.1 |      15 |       4 |  21.1
        D:9 |    1038 |    1405 |  57.5 |      17 |       9 |  34.6
       D:10 |    2425 |       0 |   0.0 |      28 |       0 |   0.0
       D:11 |    1627 |    1108 |  40.5 |      20 |       2 |   9.1
       D:12 |    4128 |     120 |   2.8 |      30 |       2 |   6.2
       D:13 |    3814 |   17067 |  81.7 |      19 |      42 |  68.9
       D:14 |   13494 |       0 |   0.0 |      43 |       0 |   0.0
       D:15 |   12188 |    5995 |  33.0 |      27 |      24 |  47.1
     Lair:1 |    1922 |    5022 |  72.3 |       7 |      33 |  82.5
     Lair:2 |    1595 |    2856 |  64.2 |       9 |      13 |  59.1
     Lair:3 |    1864 |       0 |   0.0 |       9 |       0 |   0.0
     Lair:4 |    1146 |       0 |   0.0 |       6 |       0 |   0.0
     Lair:5 |    2206 |    1264 |  36.4 |       8 |       6 |  42.9
     Lair:6 |    9620 |    7445 |  43.6 |      20 |      20 |  50.0
    Snake:1 |   13066 |    2481 |  16.0 |      26 |       8 |  23.5
    Snake:2 |   23816 |    2068 |   8.0 |      40 |       1 |   2.4
    Snake:3 |    1749 |       0 |   0.0 |       4 |       0 |   0.0
      Orc:1 |    3865 |    4007 |  50.9 |      37 |      21 |  36.2
      Orc:2 |    1271 |   14218 |  91.8 |      24 |      28 |  53.8
    Ossuary |       0 |     319 | 100.0 |       0 |      29 | 100.0
      IceCv |       0 |   11162 | 100.0 |       0 |      43 | 100.0
            +---------+---------+-------+---------+---------+-------
